 Dungeon Crawl Stone Soup version 0.32-a0-329-ge6c31236d6 (webtiles) character file.

Game seed: 11123734763004664272

49 Vexal the Scratcher (level 3, -1/18 HPs)
             Began as a Felid Shapeshifter on Feb 17, 2024.
             Slain by a gnoll
             ... wielding a +0 spear
              (3 damage)
             ... on level 2 of the Dungeon.
             The game lasted 00:05:10 (946 turns).

Vexal the Scratcher (Felid Shapeshifter)             Turns: 946, Time: 00:05:10

Health: -1/18      AC:  1    Str: 10    XL:     3   Next: 53%
Magic:  4/4        EV: 18    Int: 13    God:
Gold:   30         SH:  0    Dex: 17    Spells: 2/2 levels left
                                        Lives:  0   Deaths: 1

rFire   . .          .
                       - Unarmed
rCold   . . .        (shield unavailable)
rNeg    . . .        (body armour unavailable)
rPois   .            (helmet unavailable)
rElec   .            (cloak unavailable)
rCorr   .            (gloves unavailable)
SInv    +            (boots unavailable)
Will    .....        (no amulet)
Stlth   ++           (no ring)
HPRegen 0.23/turn    (no ring)
MPRegen 0.09/turn

%: no passive effects
@: beast-form
A: beast (slay +1), very small, claws 1, fangs 3, see invisible, shaggy fur 1,
stealthy paws, no weapons or thrown items, no armour, multi-lived
a: Begin Untransformation


You were on level 2 of the Dungeon.
You were a hulking beast.
You visited 1 branch of the dungeon, and saw 3 of its levels.

You collected 30 gold pieces.

Inventory:

Jewellery
 l - a +6 ring of strength
Talismans
 b - a beast talisman (active)
 c - a flux talisman
Scrolls
 d - a scroll of immolation {unknown}
 e - 2 scrolls of enchant armour {unknown}
 f - a scroll of enchant weapon {unknown}
 i - 2 scrolls of identify {unknown}
 j - a scroll of summoning {unknown}
 k - a scroll of teleportation {unknown}
 m - a scroll of amnesia {unknown}
Potions
 a - a potion of lignification
 g - a potion of mutation {unknown}
 h - 2 potions of brilliance {unknown}


   Skills:
 + Level 1.7 Fighting
 + Level 3.3 Dodging
 + Level 3.3 Unarmed Combat
 * Level 3.2 Shapeshifting


You had 2 spell levels left.
You didn't know any spells.
Your spell library contained the following spells:

 Spells                   Type           Power      Damage    Failure   Level
 Hailstorm                Conj/Ice       0%         3d5       67%         3
 Summon Ice Beast         Ice/Summ       0%         N/A       67%         3
 Sculpt Simulacrum        Ice/Alch       0%         N/A       100%        6


Dungeon Overview and Level Annotations

Branches:
Dungeon (3/15)

Altars:


Innate Abilities, Weirdness & Mutations

You are a hulking beast.
Your limbs bulge with bestial killing power. (Slay +1)
You have sharp claws.
You have razor-sharp teeth.
You have supernaturally acute eyesight. (SInv)
You are covered in fur. (AC +1)
Your paws help you pounce on unaware monsters.
You are incapable of wielding weapons or throwing items.
You cannot wear armour.
You gain extra lives every three experience levels.


Message History

The hobgoblin completely misses you.
You closely miss the hobgoblin. The hobgoblin hits you.
You scratch the hobgoblin but do no damage.
You barely miss the hobgoblin. The hobgoblin hits you.
You scratch the hobgoblin.
The hobgoblin is heavily wounded.
The hobgoblin closely misses you.
You barely miss the hobgoblin.
The hobgoblin is heavily wounded.
The hobgoblin closely misses you.
You barely miss the hobgoblin.
The hobgoblin is heavily wounded.
The hobgoblin hits you.
You scratch the hobgoblin.
The hobgoblin is severely wounded.
The hobgoblin barely misses you.
The gnoll hits you from afar with a +0 spear.
The giant cockroach bites you but does no damage.
You scratch the hobgoblin.
You kill the hobgoblin!
The gnoll hits you from afar with a +0 spear.
The giant cockroach closely misses you. The giant cockroach misses you.
The giant cockroach attacks as it pursues you!
The giant cockroach completely misses you.
The hobgoblin misses you. The gnoll attacks as it pursues you!
The gnoll completely misses you.
You claw the hobgoblin!
You kill the hobgoblin!
The giant cockroach closely misses you. The gnoll barely misses you.
You scratch the giant cockroach.
The giant cockroach is heavily wounded.
The giant cockroach barely misses you.
The gnoll hits you from afar with a +0 spear.
* * * LOW HITPOINT WARNING * * *
The giant cockroach misses you.
You scratch the giant cockroach.
You kill the giant cockroach!
The gnoll hits you from afar with a +0 spear.
You die...

#. ....# #.# #.
.....# #.# #.
.....# #<#
#.###.....##.....
#.#..........##.#
######........####
.# ##...........#
.#
##..#####.†#..S.#
$# #......hgg##
##.S. ..
#.......### . ..
#.......#
#....>..#####...
#.......<.......
#......######...
#......# #......#
########


You could see 2 gnolls.

Vanquished Creatures
  A gnoll (D:2)
  An adder (D:2)
  2 bats (D:1)
  2 endoplasms
  4 giant cockroaches
  3 hobgoblins
  2 quokkas (D:1)
  2 kobolds (D:1)
  A rat (D:1)
18 creatures vanquished.

Notes
Turn   | Place    | Note
-------+----------+-------------------------------------------
     0 | D:1      | Vexal the Felid Shapeshifter began the quest for the Orb.
     0 | D:1      | Reached XP level 1. HP: 10/10 MP: 2/2
    42 | D:1      | Found a faded altar of an unknown god.
   275 | D:1      | Reached XP level 2. HP: 5/14 MP: 3/3
   900 | D:2      | Reached XP level 3. HP: 13/18 MP: 4/4
   901 | D:2      | Slain by a gnoll
   901 | D:2      | Lost a life (0 lives remaining)
   946 | D:2      | Slain by a gnoll

Illustrated notes

Levels and vault maps discovered:
D:1:      dpeg_arrival_lava_temple_mockup, layout_basic,
          shapermc_ecumenical_altar_flowoftime
D:2:      layout_rooms, basic_altar, minmay_circled_x, uniq_jessica
D:3:      layout_loops_ring, cheibriados_altar_1, minmay_checkerbox

Skill      XL: |  1  2 |
---------------+-------+-----
Dodging        | 3 |  3.3
Shapeshifting  | 3 |  3.2
Fighting       | |  1.7
Unarmed Combat | |  3.3

Action                     || total
---------------------------++-------
  Melee: Unarmed           ||    77
         Bite              ||    14
         Punch             ||     4
 Armour: Skin              ||    24
  Dodge: Dodged            ||    33

Table legend: (Time is in decaauts)
 A = Elapsed time spent in this place.
 B = Non-inter-level travel time spent in this place.
 C = Inter-level travel time spent in this place.
 D = Time resting spent in this place.
 E = Time spent auto-exploring this place.
 F = Levels seen in this place.
 G = Mean time per level.
                   A        B        C        D        E       F      G
               +--------+--------+--------+--------+--------+-----+--------+
         Total |    943 |    943 |      0 |     43 |    579 |   3 |  314.3 |
       Dungeon |    943 |    943 |      0 |     43 |    579 |   3 |  314.3 |
               +--------+--------+--------+--------+--------+-----+--------+

Top non-repeatable levels by time:
     D:1: 888 daAuts
     D:2: 53 daAuts
     D:3: 1 daAuts
